 Dungeon Crawl Stone Soup version 0.31-a0-716-gc7603755dd (webtiles) character file.

Game seed: 15215592606026883636

8635 Descartes the Nimble (level 11, -1/50 HPs)
             Began as a Felid Shapeshifter on Sept 10, 2023.
             Killed from afar by an electric eel (10 damage)
             ... with a bolt of electricity
             ... on level 11 of the Dungeon.
             The game lasted 00:20:14 (11033 turns).

Descartes the Nimble (Felid Shapeshifter)          Turns: 11033, Time: 00:20:14

Health: -1/50      AC:  6    Str: 20    XL:     11   Next: 12%
Magic:  12/12      EV: 23    Int: 12    God:
Gold:   680        SH:  5    Dex: 16    Spells: 5/10 levels left
                                        Lives:  0   Deaths: 4

rFire   . .          .
                       - Unarmed
rCold   . . .        (shield unavailable)
rNeg    . . .        (body armour unavailable)
rPois   .            (helmet unavailable)
rElec   .            (cloak unavailable)
rCorr   .            (gloves unavailable)
SInv    +            (boots unavailable)
Will    +....        G - amulet of reflection
Stlth   +++++        j - +4 ring of protection
HPRegen 0.28/turn    I - +6 ring of strength
MPRegen 0.13/turn

%: reflection
@: beast-form, studying Air Magic, quick
A: beast (slay +4), very small, claws 1, fangs 3, see invisible, speed 1, shaggy
fur 2, stealthy paws, no weapons or thrown items, no armour, multi-lived
a: Begin Untransformation


You were on level 11 of the Dungeon.
You were a hulking beast.
You visited 2 branches of the dungeon, and saw 12 of its levels.
You also visited: Ossuary.

You collected 680 gold pieces.

Inventory:

Jewellery
 h - a ring of flight
 j - a +4 ring of protection (left paw)
 G - an amulet of reflection (around neck)
 I - a +6 ring of strength (right paw)
 L - a +6 ring of strength
Talismans
 b - a beast talisman (active)
 c - a flux talisman
 N - a blade talisman
Wands
 q - a wand of flame (23)
 K - a wand of mindburst (6)
 M - a wand of light (4)
Scrolls
 d - a scroll of vulnerability {unknown}
 e - 2 scrolls of enchant armour
 g - 3 scrolls of amnesia
 i - 3 scrolls of teleportation
 l - 2 scrolls of fear
 p - 2 scrolls of butterflies {unknown}
 t - 4 scrolls of fog
 u - 12 scrolls of noise
 x - 3 scrolls of immolation
 y - 4 scrolls of poison {unknown}
 B - 2 scrolls of enchant weapon {unknown}
 E - 3 scrolls of identify
 H - 2 scrolls of blinking {unknown}
 J - 3 scrolls of revelation {unknown}
Potions
 a - 4 potions of lignification
 f - 6 potions of degeneration
 k - 2 potions of mutation {unknown}
 m - 2 potions of cancellation {unknown}
 n - a potion of berserk rage {unknown}
 o - a potion of ambrosia {unknown}
 r - 2 potions of enlightenment {unknown}
 s - 4 potions of heal wounds
 v - 5 potions of curing {unknown}
 w - a potion of invisibility {unknown}
 z - a potion of attraction {unknown}
 A - 3 potions of magic {unknown}
 C - a potion of resistance {unknown}
 D - 3 potions of might {unknown}
 F - 2 potions of haste {unknown}


   Skills:
 + Level 7.6 Fighting
 + Level 10.3 Dodging
 + Level 10.3 Stealth
 + Level 8.2 Unarmed Combat
 + Level 5.4 Air Magic
 + Level 8.3 Shapeshifting


You had 5 spell levels left.
You knew the following spells:

 Your Spells              Type           Power      Damage    Failure   Level
a - Shock                 Conj/Air       24%        1d4       11%         1
b - Airstrike             Air            6%         2d(1-17)  34%         4

Your spell library contained the following spells:

 Spells                   Type           Power      Damage    Failure   Level
 Swiftness                Air            13%        N/A       11%         3


Dungeon Overview and Level Annotations

Branches:
Dungeon (11/15)            Temple (1/1) D:6            Lair (0/5) D:11
    Orc (0/2) D:9         Ossuary (visited)

Altars:
Ashenzari
Cheibriados
Dithmenos
Elyvilon
Fedhas
Gozag
Hepliaklqana
Kikubaaqudgha
Makhleb
Nemelex Xobeh
Okawaru
Qazlal
Ru
Sif Muna
Trog
Uskayaw
Vehumet
Wu Jian
Xom
Yredelemnul
Zin
The Shining One

Annotations:
D:7 2 runed translucent doors, flt's ghost, novice DgFE


Innate Abilities, Weirdness & Mutations

You are a hulking beast.
Your limbs bulge with bestial killing power. (Slay +4)
You have sharp claws.
You have razor-sharp teeth.
You have supernaturally acute eyesight. (SInv)
You cover ground quickly. (Speed+)
You are covered in thick fur. (AC +2)
Your paws help you pounce on unaware monsters.
You are incapable of wielding weapons or throwing items.
You cannot wear armour.
You gain extra lives every three experience levels.


Message History

The yak gores you! The yak barely misses you.
You scratch the yak.
The yak is severely wounded.
The yak completely misses you. The yak barely misses you.
The yak completely misses you.
You claw the yak!
You kill the yak!
You block the yak's attack. The yak misses you.
Unknown command.
You closely miss the yak.
A centaur comes into view.
The yak gores you! The yak completely misses you.
The yak attacks as it pursues you! The yak barely misses you.
The yak gores you.
Unknown command.
A gnoll sergeant comes into view. It is wielding a +0 spear.
The centaur shouts!
The centaur wields a +0 shortbow.
The centaur shoots an arrow.
The arrow hits you!
An electric eel comes into view.
The orc priest shouts!
The gnoll sergeant shouts!
You claw the orc priest!
The orc priest is severely wounded.
The centaur shoots an arrow.
The arrow closely misses you.
The arrow hits the orc priest!
The orc priest dies!
The electric eel shoots out a bolt of lightning at you!
The bolt of electricity misses you.
The centaur shoots an arrow.
The arrow hits you.
Things that are here:
a +0 mace; a +0 leather armour The electric eel shoots out a bolt of lightning at you!
The bolt of electricity hits you.
* * * LOW HITPOINT WARNING * * *
The centaur shoots an arrow.
The arrow hits you.
* * * LOW HITPOINT WARNING * * *
The electric eel shoots out a bolt of lightning at you!
The bolt of electricity hits you!
You die...

..~≈≈≈≈≈..## #≈ #.....
.P.≈≈≈≈~...+# ##~≈≈≈....# .#.....
...~≈≈~~....###.≈≈≈S....#..#.....
...~~≈~~........≈≈≈~....#'##..###
.P.~≈≈≈~........~≈≈~...g......#
.P.~≈≈≈≈..†.x...≈≈≈~..........#
....~≈~~≈.......~≈~~..........##+
.......................c...Y.....
................h..)...Y.....Y...
....~~~~≈~......~~~~.............
.....~≈≈≈~.....~≈~~≈....##'#..#'#
'#...≈≈≈≈≈~....~≈≈≈~~...#..#..#..
.##...≈≈≈≈~≈...~≈≈≈≈≈...#..#..#.)
..##..~≈≈≈≈~~..~≈≈≈≈~~..#).#..###
...#..~~≈≈≈≈≈~~~~≈≈≈~~..####... .
...#...≈≈≈≈≈≈≈≈≈≈≈≈≈≈~~.. ......
<..#..~≈~≈≈≈≈≈≈≈≈≈≈≈≈≈≈~. ...c..


You could see a yak, an unseen horror (wandering, invisible), a gnoll sergeant,
a centaur and an electric eel.

Vanquished Creatures
  A manticore (D:11)
  Maurice (D:9)
  An unseen horror (D:10)
  A troll (D:10)
  A hornet (D:10)
  Prince Ribbit (D:7)
  A wraith (D:11)
  Eustachio (D:4)
  7 yaks
  2 hogs (D:10)
  3 steam dragons
  Edmund (D:3)
  2 water moccasins
  5 orc warriors
  2 black bears
  An ice beast (D:5)
  4 ogres
  4 centaurs
  3 phantoms
  6 bullfrogs
  3 gnoll sergeants
  3 scorpions
  13 wights
  4 killer bees (D:8)
  7 howler monkeys
  2 centaur zombies (Ossuary)
  A human zombie (Ossuary)
  5 jellies
  6 orc priests
  A hound (D:5)
  2 gnoll boudas
  4 sleepcaps
  2 iguanas (D:4)
  11 orc wizards
  4 mummies (Ossuary)
  16 gnolls
  6 adders
  A shadow imp (D:5)
  2 white imps
  An ufetubus (D:5)
  4 dart slugs
  3 worms
  32 orcs
  10 endoplasms
  3 giant cockroaches
  2 gnoll zombies (Ossuary)
  10 goblins
  4 hobgoblins
  4 jackals (D:3)
  3 quokkas
  5 ball pythons
  8 bats
  6 frilled lizards
  3 hobgoblin zombies (Ossuary)
  7 kobolds
  5 rats
251 creatures vanquished.

Vanquished Creatures (others)
  An orc priest (D:11)
  An orc wizard (D:8)
2 creatures vanquished.

Grand Total: 253 creatures vanquished

Notes
Turn   | Place    | Note
-------+----------+-------------------------------------------
     0 | D:1      | Descartes the Felid Shapeshifter began the quest for the
                  | Orb.
     0 | D:1      | Reached XP level 1. HP: 9/9 MP: 2/2
   189 | D:1      | Slain by a goblin
   203 | D:1      | Reached XP level 2. HP: 10/12 MP: 3/3
   568 | D:2      | Reached XP level 3. HP: 15/15 MP: 4/4
   900 | D:2      | Found a sparkling altar of Nemelex Xobeh.
  1388 | D:2      | Reached XP level 4. HP: 11/19 MP: 5/5
  1632 | D:3      | Noticed an ogre
  1874 | D:3      | Reached XP level 5. HP: 23/23 MP: 6/6
  1961 | D:3      | Found a faded altar of an unknown god.
  2190 | D:2      | Killed an ogre
  2191 | D:2      | Reached skill level 1 in Stealth
  2260 | D:4      | Gained mutation: You are covered in thick fur. (AC +2)
                  | [Felid growth]
  2260 | D:4      | Reached XP level 6. HP: 13/27 MP: 7/7
  2428 | D:4      | Reached skill level 5 in Dodging
  2733 | D:3      | Reached XP level 7. HP: 31/31 MP: 8/8
  2921 | D:4      | Noticed Edmund
  2957 | D:3      | Killed Edmund
  3211 | D:4      | Reached skill level 5 in Shapeshifting
  3338 | D:5      | Entered Level 5 of the Dungeon
  3374 | D:5      | Found a snail-covered altar of Cheibriados.
  3516 | D:4      | Reached skill level 5 in Unarmed Combat
  3632 | D:5      | Noticed Eustachio
  3754 | D:4      | Killed Eustachio
  3755 | D:4      | Reached XP level 8. HP: 11/36 MP: 9/9
  3868 | D:5      | Reached skill level 5 in Stealth
  4071 | D:5      | Slain by a gnoll
  4428 | D:5      | Identified the +9 glaive of Wocufat {flame, Int+2}
  5261 | D:6      | Reached skill level 5 in Fighting
  5265 | D:6      | Found a white marble altar of Elyvilon.
  5265 | D:6      | Found a glowing golden altar of the Shining One.
  5266 | D:6      | Found a glowing silver altar of Zin.
  5294 | D:6      | Found a basalt altar of Yredelemnul.
  5463 | D:6      | Found a staircase to the Ecumenical Temple.
  5636 | D:6      | Found a sand-covered staircase.
  5641 | Ossuary  | Entered an ossuary
  5923 | Ossuary  | Reached XP level 9. HP: 40/40 MP: 10/10
  5946 | D:6      | Identified a scroll of acquirement
  5947 | D:6      | Acquired a manual of Air Magic
  6014 | D:6      | Found a broken altar of Ashenzari.
  6475 | Temple   | Entered the Ecumenical Temple
  6711 | D:7      | HP: 2/40 [orc wizard/puff of flame (5)]
  6729 | D:7      | Killed from afar by a white imp
  6777 | D:7      | Found a large runed translucent door.
  6777 | D:7      | Found a large runed translucent door.
  6784 | D:7      | Noticed flt's ghost (novice DgFE)
  6872 | D:7      | Found an iron altar of Okawaru.
  6872 | D:7      | Noticed Prince Ribbit
  6875 | D:7      | Killed Prince Ribbit
  6981 | D:7      | Found a blossoming altar of Fedhas.
  6981 | D:7      | Found a sparkling altar of Nemelex Xobeh.
  6988 | D:7      | Found a stormy altar of Qazlal.
  6990 | D:7      | Found a faded altar of an unknown god.
  6992 | D:7      | Found a faded altar of an unknown god.
  7047 | D:8      | Found a shimmering blue altar of Sif Muna.
  7879 | D:8      | Found an opulent altar of Gozag.
  7879 | D:8      | Found a burning altar of Makhleb.
  8055 | D:8      | Learned a level 1 spell: Shock
  8172 | D:8      | Reached skill level 1 in Air Magic
  8496 | D:9      | Reached XP level 10. HP: 44/45 MP: 11/11
  8500 | D:9      | Found a staircase to the Orcish Mines.
  9182 | D:8      | Slain by an orc warrior
  9481 | D:9      | Noticed Maurice
  9488 | D:9      | Killed Maurice
  9851 | D:10     | Entered Level 10 of the Dungeon
 10096 | D:10     | Found a sacrificial altar of Ru.
 10470 | D:10     | Found a hazy altar of Hepliaklqana.
 10508 | D:10     | Reached skill level 10 in Dodging
 10631 | D:11     | Noticed a manticore
 10633 | D:11     | Killed a manticore
 10634 | D:11     | Reached skill level 10 in Stealth
 10660 | D:10     | Learned a level 4 spell: Airstrike
 10685 | D:10     | Reached skill level 5 in Air Magic
 10806 | D:10     | Reached XP level 11. HP: 46/50 MP: 12/12
 10920 | D:11     | Found a staircase to the Lair.
 11033 | D:11     | Killed from afar by an electric eel

Illustrated notes

Levels and vault maps discovered:
D:1:      co_arrival_random_square_maze, layout_rooms
D:2:      layout_rooms, basic_altar, minmay_goblin_outpost
D:3:      layout_loops_ring, dreamdust_ecumenical_altar_hidden_monk_grotto
D:4:      layout_basic, serial_glass, glass_columns_a, glass_columns_c,
          uniq_edmund
D:5:      layout_cave_pods, mainiacjoe_overflow_tiny_flanked,
          hangedman_minor_gate_pass, uniq_eustachio
D:6:      layout_basic, good_gods_mini_temple, nicolae_ashenzari_skybound,
          mainiacjoe_overflow_small_starburst, minmay_temple_entry_junction,
          serial_co_window_serial, co_window_paths_a, co_window_paths_a,
          co_window_of_opportunity_a, co_window_of_opportunity_a,
          co_window_of_opportunity_a, co_window_cross_1, co_window_corner_a,
          co_window_corner_cb, co_window_of_opportunity_b, co_window_corner_b,
          co_window_2corner, co_window_corner_b, glass_columns_b,
          glass_columns_b, glass_columns_a, nicolae_ossuary_entry_plus,
          serial_bayou_pond_c
D:7:      layout_cave_pools, chequers_temple_overflow_minitemple,
          hellmonk_okawaru_the_only_friend_you_need,
          ebering_ghost_disaster_area, serial_column_ruins,
          column_ruins_corridor_straight, column_ruins_open_small,
          column_ruins_grid_4, column_ruins_grid_4, column_ruins_grid_4,
          uniq_prince_ribbit1
D:8:      layout_rooms, nicolae_sif_muna_condensation,
          mainiacjoe_overflow_catwalk_spiral
D:9:      layout_cave_pools, orc_david_3, uniq_maurice
D:10:     layout_gridville, mainiacjoe_overflow_alcove_4,
          nicolae_ru_awakened_eye, dreamdust_princess_bridge
D:11:     kennysheep_town
Temple:   nicolae_temple_superstar

Skill      XL: |  1  2  3  4  5  6  7  8  9 10 |
---------------+-------------------------------+-----
Dodging        | 3 4 5 6 7 8 10 | 10.3
Fighting       | 2 3 4 5 6 7 |  7.6
Shapeshifting  | 4 5 6 7 8 |  8.3
Stealth        | 2 3 4 6 8 10 | 10.3
Unarmed Combat | 4 5 6 7 8 |  8.2
Air Magic      | 2 5 |  5.4

Action                     |  1- 3 |  4- 6 |  7- 9 | 10-12 || total
---------------------------+-------+-------+-------+-------++-------
  Melee: Unarmed           |   102 |   116 |   386 |   182 ||   786
         Bite              |    11 |    16 |    38 |    20 ||    85
         Punch             |     1 |     4 |    17 |    10 ||    32
   Cast: Shock             |       |       |       |     4 ||     4
    Use: Scroll            |       |       |     9 |       ||     9
   Stab: Sleeping          |     3 |       |    17 |    11 ||    31
         Distracted        |       |       |     2 |     2 ||     4
 Armour: Skin              |    41 |    40 |   138 |    80 ||   299
  Dodge: Dodged            |    96 |   141 |   348 |   181 ||   766
  Block: Other             |       |       |     9 |    49 ||    58
         Reflection        |       |       |       |     1 ||     1

Table legend: (Time is in decaauts)
 A = Elapsed time spent in this place.
 B = Non-inter-level travel time spent in this place.
 C = Inter-level travel time spent in this place.
 D = Time resting spent in this place.
 E = Time spent auto-exploring this place.
 F = Levels seen in this place.
 G = Mean time per level.
                   A        B        C        D        E       F      G
               +--------+--------+--------+--------+--------+-----+--------+
         Total |   9707 |   9315 |    392 |      0 |   6731 |  13 |  746.7 |
       Dungeon |   9429 |   9037 |    392 |      0 |   6521 |  11 |  857.2 |
        Temple |      1 |      1 |      0 |      0 |      0 |   1 |    1.0 |
       Ossuary |    276 |    276 |      0 |      0 |    210 |   1 |  276.0 |
               +--------+--------+--------+--------+--------+-----+--------+

Top non-repeatable levels by time:
     D:8: 1489 daAuts
     D:4: 1259 daAuts
     D:3: 1116 daAuts
     D:5: 947 daAuts
     D:7: 927 daAuts
     D:6: 898 daAuts
    D:10: 752 daAuts
     D:2: 728 daAuts
     D:9: 640 daAuts
     D:1: 449 daAuts
 Ossuary: 276 daAuts
    D:11: 220 daAuts
  Temple: 1 daAuts
